 Dungeon Crawl Stone Soup version 0.28-a0-1087-gf3fc490d9d (webtiles) character file.

Game seed: 12035694691161138974

615 fragbeetle the Ruffian (level 7, -7/57 HPs)
             Began as a Pale Draconian Transmuter on Dec 10, 2021.
             Mangled by an orc warrior (10 damage)
             ... on level 5 of the Dungeon.
             The game lasted 00:10:24 (4731 turns).

fragbeetle the Ruffian (Pale Draconian Transmuter)  Turns: 4731, Time: 00:10:25

Health: -7/57      AC:  6    Str: 12    XL:     7   Next: 21%
Magic:  10/12      EV: 12    Int: 16    God:
Gold:   129        SH:  0    Dex: 11    Spells: 7/12 levels left

rFire   . . .      SeeInvis .     - Unarmed
rCold   . . .      Faith    .   (no shield)
rNeg    . . .      Spirit   .   (armour unavailable)
rPois   .          Reflect  .   (helmet currently unavailable)
rElec   .          Harm     .   (no cloak)
rCorr   .          Rampage  .   (no gloves)
Will    .....                   (boots currently unavailable)
Stlth   +.........              (no amulet)
HPRegen 0.19/turn               (no ring)
MPRegen 0.13/turn               (no ring)

@: appendages
A: horns 2, talons 2, breathe steam, AC +6, unfitting armour, cold-blooded,
steam resistance
a: Breathe Steam, End Transformation


You were on level 5 of the Dungeon.
You had temporarily grown beastly horns and talons.
You visited 1 branch of the dungeon, and saw 6 of its levels.

You collected 129 gold pieces.

Inventory:

Jewellery
 i - a ring of fire
Wands
 g - a wand of digging (5)
 m - a wand of flame (13)
Scrolls
 a - 2 scrolls of noise
 b - a scroll of identify
 c - 3 scrolls of enchant armour
 f - a scroll of holy word
 j - a scroll of fear
Potions
 d - a potion of heal wounds
 e - 2 potions of mutation
 h - a potion of ambrosia
 k - a potion of lignification
 l - a potion of degeneration {unknown}


   Skills:
 * Level 3.2 Fighting
 * Level 3.5 Dodging
 + Level 4.5 Unarmed Combat
 + Level 3.3 Spellcasting
 * Level 4.3 Transmutations
 + Level 1.2 Poison Magic


You had 7 spell levels left.
You knew the following spells:

 Your Spells              Type           Power      Damage    Failure   Level
a - Beastly Appendage     Tmut           32%        N/A       3%          1
b - Sting                 Tmut/Pois      44%        1d5       6%          1
c - Spider Form           Tmut/Pois      11%        N/A       17%         3

Your spell library contained the following spells:

 Spells                   Type           Power      Damage    Failure   Level
 Wereblood                Tmut           16%        N/A       4%          2
 Poisonous Vapours        Pois/Air       8%         N/A       22%         2
 Ice Form                 Ice/Tmut       9%         N/A       58%         4
 Olgreb's Toxic Radiance  Pois           6%         N/A       73%         4


Dungeon Overview and Level Annotations

Branches:
Dungeon (6/15)
 Temple: D:4-7

Altars:


Innate Abilities, Weirdness & Mutations

You have temporarily grown beastly horns and talons.
You can breathe blasts of scalding, opaque steam.
Your pale cyan-grey scales are hard. (AC +6)
You cannot fit into any form of body armour.
You are cold-blooded and may be slowed by cold attacks.
You are immune to the effects of steam.


Message History

You barely miss the orc warrior.
You hit the orc warrior but do no damage.
The orc warrior is poisoned.
The orc warrior barely misses you.
You barely miss the orc warrior.
The orc throws a boomerang.
The boomerang misses you. The orc warrior closely misses you.
You hit the orc warrior.
The orc warrior looks as sick as possible!
The orc warrior is lightly wounded.
Something closely misses you. The orc warrior barely misses you.
You barely miss the orc warrior.
The orc warrior is lightly wounded.
Your transformation has ended.
Something hits you but does no damage.
The orc warrior hits you with a +0 long sword!
A magic dart appears from out of thin air!
The magic dart hits you.
You hear some strange, mumbled words.
You are confused.
There is a stone staircase leading up here.
The orc warrior hits you with a +0 long sword!
In your confused state, you trip and fall back down the stairs.
The orc warrior hits you with a +0 long sword!
* * * LOW HITPOINT WARNING * * *
Unknown command.
Unknown command.
Unknown command.
You climb upwards.
Reactivating autopickup.
There is a stone staircase leading down here.
You're too confused to cast spells.
Okay, then.
You bump into the rock wall.
You feel less confused.
The orc warrior hits you with a +0 long sword.
* * * LOW HITPOINT WARNING * * *
Casting: Spider Form (dangerous; 17% risk of failure)
Confirm with . or Enter, or press ? or * to list all spells.
You grow a pair of large bovine horns.
Your feet morph into talons.
The orc warrior hits you with a +0 long sword!
You die...

......# ....#
#...# ## #<.# ##.
#..# . #..# ##.##
. #.. #..# #. #o##
##..# .. #@##
#...#######..
##.###............
#..#.............
##........####...
##...##### .)..
#..## ..## #..#
..## #...# ..
#..... ..#


You could see an orc warrior (very poisoned).

Vanquished Creatures
  A black bear (D:4)
  An ogre (D:4)
  A necrophage (D:4)
  A phantom (D:4)
  A water moccasin skeleton (D:5)
  A jelly (D:4)
  Jessica (D:2)
  An orc wizard (D:6)
  A scorpion zombie (D:5)
  A hound skeleton (D:4)
  4 adders (D:4)
  A worm (D:2)
  3 dart slugs
  7 orcs
  6 ball pythons
  4 bats
  4 endoplasms
  A giant cockroach (D:2)
  3 goblins
  7 hobgoblins
  4 jackals (D:4)
  5 kobolds
  4 quokkas
  2 frilled lizards
  2 rats
67 creatures vanquished.

Notes
Turn   | Place    | Note
-------+----------+-------------------------------------------
     0 | D:1      | fragbeetle the Draconian Transmuter began the quest for the
                  | Orb.
     0 | D:1      | Reached XP level 1. HP: 16/16 MP: 3/3
   145 | D:1      | Found a faded altar of an unknown god.
  1108 | D:2      | Reached XP level 2. HP: 23/23 MP: 3/5
  1412 | D:2      | Noticed Jessica
  1769 | D:3      | Learned a level 1 spell: Sting
  2020 | D:3      | Reached XP level 3. HP: 28/28 MP: 3/6
  2521 | D:2      | Killed Jessica
  2632 | D:2      | Reached XP level 4. HP: 34/36 MP: 4/7
  3018 | D:4      | Noticed a necrophage
  3144 | D:4      | Noticed an ogre
  3155 | D:4      | Killed an ogre
  3156 | D:4      | Reached XP level 5. HP: 19/42 MP: 5/9
  3365 | D:4      | Learned a level 3 spell: Spider Form
  3526 | D:4      | Noticed a phantom
  3559 | D:4      | Killed a phantom
  3560 | D:4      | Reached skill level 1 in Poison Magic
  3560 | D:4      | Reached XP level 6. HP: 11/50 MP: 10/10
  4277 | D:4      | Your scales start taking on a pale cyan-grey colour.
  4277 | D:4      | Reached XP level 7. HP: 48/57 MP: 11/11
  4277 | D:4      | Gained mutation: You are immune to the effects of steam.
                  | [Pale Draconian growth]
  4521 | D:5      | Entered Level 5 of the Dungeon
  4731 | D:5      | Mangled by an orc warrior

Illustrated notes

Levels and vault maps discovered:
D:1:      matt_arrival_los_fun, layout_basic, ebering_ecumenical_altar_ruins,
          serial_glass, glass_columns_a, glass_columns_b, palyth_stone_intersect
D:2:      layout_rooms, uniq_jessica
D:3:      layout_basic
D:4:      layout_rooms
D:5:      layout_layer_cave, chequers_temple_overflow_statue_of_worship,
          serial_shops, shop, kennysheep_generic_room_7
D:6:      layout_gridville, minmay_temple_entry_statues_pillars,
          minmay_three_doors

Skill      XL: |  1  2  3  4  5  6 |
---------------+-------------------+-----
Dodging        | 2 3 |  3.5
Fighting       | 2 3 |  3.2
Transmutations | 3 4 |  4.3
Unarmed Combat | 4 |  4.5
Spellcasting   | 3 |  3.3
Poison Magic   | 1 |  1.2

Action                   |  1- 3 |  4- 6 |  7- 9 || total
-------------------------+-------+-------+-------++-------
Melee: Unarmed           |    93 |   126 |    29 ||   248
       Kick              |    20 |    32 |     8 ||    60
       Tailslap          |    10 |    12 |     2 ||    24
       Headbutt          |    10 |    11 |     4 ||    25
       Punch             |       |     1 |       ||     1
 Cast: Beastly Appendage |    25 |    18 |     4 ||    47
       Sting             |     7 |    13 |       ||    20
       Spider Form       |       |       |     1 ||     1
  Use: Scroll            |       |     8 |       ||     8
Armor: Skin              |    22 |    37 |     5 ||    64
Dodge: Dodged            |    50 |    70 |    13 ||   133

Table legend: (Time is in decaauts)
 A = Elapsed time spent in this place.
 B = Non-inter-level travel time spent in this place.
 C = Inter-level travel time spent in this place.
 D = Time resting spent in this place.
 E = Time spent auto-exploring this place.
 F = Levels seen in this place.
 G = Mean time per level.
                   A        B        C        D        E       F      G
               +--------+--------+--------+--------+--------+-----+--------+
         Total |   4717 |   4598 |    119 |    962 |   2786 |   6 |  786.2 |
       Dungeon |   4717 |   4598 |    119 |    962 |   2786 |   6 |  786.2 |
               +--------+--------+--------+--------+--------+-----+--------+

Top non-repeatable levels by time:
     D:4: 1455 daAuts
     D:3: 1136 daAuts
     D:1: 1098 daAuts
     D:2: 819 daAuts
     D:5: 125 daAuts
     D:6: 81 daAuts
